 Dungeon Crawl Stone Soup version 0.30.1-4-g462c640d31 (webtiles) character file.

Game seed: 78491082996398108

96 Arctor the Magician (level 4, 0/30 HPs)
             Began as a Demonspawn Hedge Wizard on Aug 17, 2023.
             Slain by a jelly (3 damage)
             ... on level 3 of the Dungeon.
             The game lasted 00:03:54 (3152 turns).

Arctor the Magician (Demonspawn Hedge Wizard)       Turns: 3152, Time: 00:03:54

Health: 0/30       AC: -2    Str: 17    XL:     4   Next: 41%
Magic:  7/9        EV: 12    Int: 17    God:
Gold:   200        SH:  0    Dex: 12    Spells: 1/9 levels left

rFire   . . .        p - +0 short sword (freeze)
rCold   . . .        (no shield)
rNeg    . . .        b - +0 robe
rPois   .            c - +0 hat
rElec   .            (no cloak)
rCorr   .            (no gloves)
SInv    .            (no boots)
Will    .....        (no amulet)
Stlth   ++           s - ring of wizardry
HPRegen 0.25/turn    j - +6 ring of strength
MPRegen 0.11/turn

%: wizardry (x1)
@: corroded
A: demonic guardian 1, ignite blood 1, demonic touch 1
a: no special abilities


You were on level 3 of the Dungeon.
You visited 1 branch of the dungeon, and saw 3 of its levels.

You collected 200 gold pieces.

Inventory:

Hand Weapons
 a - a +0 dagger
 p - a +0 short sword of freezing (weapon)
Armour
 b - a +0 robe (worn)
 c - a +0 hat (worn)
Jewellery
 i - a ring of protection from fire
 j - a +6 ring of strength (right hand)
 s - a ring of wizardry (left hand)
Scrolls
 e - a scroll of fear
 o - a scroll of magic mapping
 q - a scroll of immolation {unknown}
 r - a scroll of poison {unknown}
 t - 3 scrolls of identify {unknown}
Potions
 d - a potion of magic
 f - 3 potions of degeneration {unknown}
 g - a potion of cancellation {unknown}
 h - a potion of heal wounds {unknown}
 k - a potion of flight {unknown}
 l - 2 potions of curing {unknown}
 m - a potion of attraction {unknown}
 n - a potion of brilliance {unknown}


   Skills:
 + Level 2.3 Dodging
 + Level 2.3 Stealth
 + Level 3.3 Spellcasting
 + Level 2.1 Conjurations
 + Level 2.0 Summonings
 - Level 1.5 Translocations


You had one spell level left.
You knew the following spells:

 Your Spells              Type           Power      Damage    Failure   Level
a - Magic Dart            Conj           40%        1d5       2%          1
b - Blink                 Tloc           16%        N/A       5%          2
c - Call Imp              Summ           18%        N/A       4%          2
d - Call Canine Familiar  Summ           9%         N/A       9%          3

Your spell library contained the following spells:

 Spells                   Type           Power      Damage    Failure   Level
 Apportation              Tloc           16%        N/A       3%          1
 Summon Small Mammal      Summ           36%        N/A       3%          1
 Slow                     Hex            8%         N/A       7%          1
 Cigotuvi's Dreadful Rot  Necr/Pois/Air  4%         N/A       11%         2
 Summon Guardian Golem    Hex/Summ       6%         N/A       13%         3
 Mephitic Cloud           Conj/Pois/Air  5%         N/A       16%         3
 Vhi's Electric Charge    Tloc/Air       10%        N/A       16%         3
 Arcjolt                  Conj/Air       3%         1d13      73%         5
 Alistair's Intoxication  Tmut/Pois      1%         N/A       86%         5
 Plasma Beam              Fire/Air       1%         2x1d12    100%        6


Dungeon Overview and Level Annotations

Branches:
Dungeon (3/15)

Altars:
Xom

Shops:
D:3 !:


Innate Abilities, Weirdness & Mutations

A weak demonic guardian rushes to your aid.
Your demonic aura sometimes causes spilled blood to erupt in flames.
Your touch may inflict minor irresistible damage on your foes.


Message History

There is a stone staircase leading up here.
There is an entrance to Qaomezie's Distillery here.
You see here a +0 dagger.
Things that are here:
a +3 morningstar of holy wrath; a +0 sling You feel as though Xom is toying with you.
Suddenly, the walls become transparent!
No target in view!
You open the door. You open the door.
A jelly comes into view.
There is an open door here.
A jelly is nearby!
The jelly quivers.
You hit the jelly but do no damage.
Your hands burn!
You touch the jelly!
The jelly is heavily wounded.
The jelly closely misses you.
A jelly is nearby!
You hit the jelly but do no damage. The acid corrodes you!
Your hands burn!
You punch the jelly.
The jelly is heavily wounded.
The jelly hits you.
You are splashed with acid!
A demonic guardian appears!
Casting: Magic Dart (safe; 2% risk of failure)
Confirm with . or Enter, or press ? or * to list all spells.
Aiming: Magic Dart (safe; 2% risk of failure)
Press: ? - help, Shift-Dir - straight line, f - jelly
Aim: a jelly (heavily wounded, ally target, 100% to hit)
The magic dart hits the jelly.
The jelly is severely wounded.
The jelly hits you.
You are splashed with acid!
* * * LOW HITPOINT WARNING * * *
Casting: Magic Dart (safe; 2% risk of failure)
Confirm with . or Enter, or press ? or * to list all spells.
Aiming: Magic Dart (safe; 2% risk of failure)
Press: ? - help, Shift-Dir - straight line, f/p - jelly
Aim: a jelly (severely wounded, ally target, 100% to hit)
The magic dart hits the jelly.
The jelly is severely wounded.
The jelly hits you.
You die...

...# ######.#.##
...####...##..#.##
..........#..###.#########
#..####.....## ##......<.# #..#
#..########...####.# #..# #..#
..+g'...# #.# #..# #..#
...###...####.# #..#
#..##...###....g##.#
#..####..##._.+J@5..#.##.########
#.........# ..###...#............
##.####..##...# #...####.########
#.......###..+J+...# #.#######
#######.# ######...# #.......##
#.# ###.##### ##........
########.######.# #.####.##
.........)......# ##### #.# #.#
########.....)### #...###.## #.#


You could see a jelly (ally target), a neutral goblin (wandering) and a friendly
iron imp (summoned).

Vanquished Creatures
  3 adders
  3 dart slugs
  11 ball pythons
  5 bats
  4 endoplasms
  3 giant cockroaches
  7 goblins
  5 hobgoblins
  5 kobolds
  A quokka (D:3)
  9 frilled lizards
  3 rats (D:1)
59 creatures vanquished.

Vanquished Creatures (collateral kills)
  A dart slug (D:2)
1 creature vanquished.

Grand Total: 60 creatures vanquished

Notes
Turn   | Place    | Note
-------+----------+-------------------------------------------
     0 | D:1      | Arctor the Demonspawn Hedge Wizard began the quest for the
                  | Orb.
     0 | D:1      | Reached XP level 1. HP: 13/13 MP: 4/4
    81 | D:1      | Reached skill level 1 in Translocations
    95 | D:1      | Gained mutation: A weak demonic guardian rushes to your
                  | aid. [demonic ancestry]
    95 | D:1      | Reached XP level 2. HP: 9/19 MP: 0/6
   120 | D:1      | Learned a level 2 spell: Blink
   123 | D:1      | Learned a level 2 spell: Call Imp
   761 | D:1      | Gained mutation: Your touch may inflict minor irresistible
                  | damage on your foes. [demonic ancestry]
   761 | D:1      | Reached XP level 3. HP: 24/24 MP: 2/7
  1554 | D:2      | Found a faded altar of an unknown god.
  2438 | D:3      | Found Qaomezie's Distillery.
  2457 | D:3      | Gained mutation: Your demonic aura sometimes causes spilled
                  | blood to erupt in flames. [demonic ancestry]
  2457 | D:3      | Reached XP level 4. HP: 27/30 MP: 8/8
  2480 | D:3      | Found a shimmering altar of Xom.
  2598 | D:3      | Found Cialas's Vocational Training.
  2598 | D:3      | Noticed Grinder
  2669 | D:3      | Learned a level 3 spell: Call Canine Familiar
  3152 | D:3      | Slain by a jelly

Illustrated notes

Levels and vault maps discovered:
D:1:      tarquinn_simple_flora_water_a, layout_basic
D:2:      layout_basic, nicolae_ecumenical_snake_handling,
          guppyfry_early_lair_pool
D:3:      layout_loops_ring, dk_xom_monty_hall, serial_shops, shop,
          chequers_mini_garden, minmay_misc_feat_ornament,
          nicolae_shop_vocational, uniq_grinder

Skill      XL: |  1  2  3  4 |
---------------+-------------+-----
Translocations | 1 |  1.5
Stealth        | 2 |  2.3
Dodging        | 2 |  2.3
Conjurations   | 2 |  2.1
Summonings     | 2 |  2.0
Spellcasting   | |  3.3

Action                     |  1- 3 |  4- 6 || total
---------------------------+-------+-------++-------
  Melee: Dagger            |    36 |       ||    36
         Short sword       |     3 |    23 ||    26
         Touch             |     1 |     6 ||     7
         Punch             |       |     1 ||     1
   Cast: Magic Dart        |    98 |    13 ||   111
    Use: Potion            |     1 |       ||     1
         Scroll            |     2 |       ||     2
   Stab: Sleeping          |     1 |     1 ||     2
 Armour: Robe              |     9 |     7 ||    16
  Dodge: Dodged            |    34 |    20 ||    54
